 Dungeon Crawl Stone Soup version 0.25.0-11-g1f837a76a1 (webtiles) character file.

Game seed: 3706444823045621306

32 Esekla the Grave Robber (level 3, 0/26 HPs)
             Began as a Barachi Necromancer on June 28, 2020.
             Slain by an adder (2 damage)
             ... on level 3 of the Dungeon.
             The game lasted 00:07:23 (1088 turns).

Esekla the Grave Robber (Barachi Necromancer)       Turns: 1088, Time: 00:07:23

Health: 0/26       AC:  6    Str:  9    XL:     3   Next: 27%
Magic:  3/7        EV: 10    Int: 16    God:
Gold:   30         SH:  5    Dex: 12    Spells: 7/8 levels left

rFire    . . .     SeeInvis .   b - +0 dagger
rCold    . . .     Gourm    .   (no shield)
rNeg     . . .     Faith    .   g - +0 ring mail (curse)
rPois    .         Spirit   .   j - +0 helmet (curse)
rElec    .         Reflect  +   (no cloak)
rCorr    .         Harm     .   (no gloves)
MR       .....                  (no boots)
Stlth    +.........             i - amulet of reflection
HPRegen  0.08/turn              (no ring)
MPRegen  0.10/turn              (no ring)

@: lethally poisoned (0 -> -2), very slightly contaminated, invisible, slow
A: +LOS, swims, slowness 1, strong legs 1
a: Hop


You were on level 3 of the Dungeon.
You were very hungry.

You visited 1 branch of the dungeon, and saw 3 of its levels.

You collected 30 gold pieces.

Inventory:

Hand Weapons
 b - a +0 dagger (weapon)
Missiles
 e - 7 poisoned darts (quivered)
Armour
 a - a +0 robe
 g - a cursed +0 ring mail (worn)
 j - a cursed +0 helmet (worn)
Jewellery
 i - an amulet of reflection (around neck)
Scrolls
 f - a scroll of fog {unknown}
 h - a scroll of remove curse {unknown}
 k - a scroll of identify {unknown}
 l - a scroll of blinking {unknown}
 m - a scroll of magic mapping {unknown}
Comestibles
 c - 2 rations


   Skills:
 * Level 1.4 Fighting
 + Level 0.1 Short Blades
 + Level 0.5 Armour
 * Level 2.6 Dodging
 - Level 1.7 Stealth
 * Level 3.0 Spellcasting
 - Level 3.6 Necromancy


You had 7 spell levels left.
You knew the following spells:

 Your Spells              Type           Power        Failure   Level  Hunger
a - Pain                  Necr           ##..         12%         1    #......

Your spell library contained the following spells:

 Spells                   Type           Power        Failure   Level  Hunger
 Animate Skeleton         Necr           N/A          12%         1    #......
 Vampiric Draining        Necr           ##........   34%         3    ###....
 Animate Dead             Necr           N/A          75%         4    #####..
 Agony                    Necr           ##......     97%         5    ######.


Dungeon Overview and Level Annotations

Branches:
Dungeon (3/15)

Altars:
Cheibriados


Innate Abilities, Weirdness & Mutations

You can be seen from farther away. (+LOS)
You can swim through water.
You cover ground slowly.
You can hop short distances.


Message History

You block the adder's attack.
You barely miss the adder.
The adder is severely wounded.
The adder barely misses you.
You closely miss the adder.
The adder is severely wounded.
You block the adder's attack.
You hit the adder but do no damage.
The adder is severely wounded.
The adder closely misses you. x2
You barely miss the adder.
The adder is severely wounded.
* * * LOW HITPOINT WARNING * * *
You feel sick. The adder closely misses you.
You aren't carrying any potions.
The adder bites you but does no damage.
* * * LOW HITPOINT WARNING * * *
You feel sick. The adder closely misses you. The adder bites you.
You die...

## .. #. .###
.... ## #.. .#
#.# .# #
###)####.##.##.#
#.....S@..!.....
#.(......##.....
#.(......# #.
#........#
###.###...<...##
.........(....#
.##.##.(......#
#.######## #.


You could see an adder.

Vanquished Creatures
  An adder (D:2)
  A dart slug (D:1)
  A leopard gecko (D:1)
  4 bats (D:1)
  A giant cockroach (D:2)
  3 goblins
  3 hobgoblins (D:1)
  3 kobolds
  2 frilled lizards
  A rat (D:1)
20 creatures vanquished.

Notes
Turn   | Place    | Note
-------+----------+-------------------------------------------
     0 | D:1      | Esekla the Barachi Necromancer began the quest for the Orb.
     0 | D:1      | Reached XP level 1. HP: 13/13 MP: 3/3
   273 | D:1      | Reached XP level 2. HP: 18/20 MP: 3/5
   283 | D:1      | Reached skill level 1 in Fighting
   529 | D:1      | Found a snail-covered altar of Cheibriados.
  1034 | D:2      | Reached XP level 3. HP: 21/26 MP: 1/7
  1088 | D:3      | Slain by an adder

Illustrated notes

Levels and vault maps discovered:
D:1:      psy_arrival_conway, layout_basic, cheibriados_altar_1
D:2:      layout_basic, elyvilon_altar_4, first_ration
D:3:      layout_loops_cross, old_standard_altar, uniq_jessica

Skill      XL: |  1  2 |
---------------+-------+-----
Fighting       | 1 |  1.4
Spellcasting   | 3 |  3.0
Short Blades   | |  0.1
Armour         | |  0.5
Dodging        | |  2.6
Stealth        | |  1.7
Necromancy     | |  3.6

Action                   || total
-------------------------++-------
Melee: Dagger            ||    96
Throw: Dart              ||     2
 Cast: Pain              ||    20
  Use: Potion            ||     1
Armor: Robe              ||     3
       Ring mail         ||    33
Dodge: Dodged            ||    50
Block: Other             ||    17
